 Dungeon Crawl Stone Soup version 0.30.0-17-ge0270778cf (webtiles) character file.

Game seed: 7785905448779992758

338 adizb the Ruffian (level 6, -1/61 HPs)
             Began as a Troll Fighter on May 21, 2023.
             Was an Initiate of Hepliaklqana.
             Killed from afar by a white imp (13 damage)
             ... with a puff of frost
             ... on level 5 of the Dungeon.
             The game lasted 00:11:12 (3075 turns).

adizb the Ruffian (Troll Fighter)                   Turns: 3075, Time: 00:11:12

Health: -1/61      AC:  4    Str: 27    XL:     6   Next: 29%
Magic:  5/5        EV:  9    Int:  4    God:    Hepliaklqana [......]
Gold:   320        SH:  8    Dex:  9    Spells: 5/5 levels left

rFire   . .          .
                       - Unarmed
rCold   . . .        b - +0 kite shield
rNeg    . . .        a - +0 robe
rPois   .            (helmet restricted)
rElec   .            (no cloak)
rCorr   .            (gloves unavailable)
SInv    .            (boots unavailable)
Will    .....        (no amulet)
Stlth   +            (no ring)
HPRegen 1.10/turn    (no ring)
MPRegen 0.09/turn

%: no passive effects
@: no status effects
A: large, unfitting armour, claws 3, regeneration 1, shaggy fur 1, tough skin 1
a: Renounce Religion


You were on level 5 of the Dungeon.
You worshipped Hepliaklqana.
Hepliaklqana was noncommittal.
You visited 2 branches of the dungeon, and saw 6 of its levels.

You collected 320 gold pieces.

Inventory:

Armour
 a - a +0 robe (worn)
 b - a +0 kite shield (worn)
Wands
 o - a wand of flame (15)
Scrolls
 d - a scroll of summoning {unknown}
 f - 3 scrolls of identify {unknown}
 g - a scroll of teleportation {unknown}
 k - a scroll of vulnerability {unknown}
 q - a scroll of enchant weapon {unknown}
 r - a scroll of poison {unknown}
 s - 2 scrolls of enchant armour {unknown}
Potions
 c - a potion of might
 e - a potion of cancellation {unknown}
 h - a potion of ambrosia {unknown}
 i - 2 potions of berserk rage {unknown}
 j - 2 potions of brilliance {unknown}
 l - 3 potions of degeneration {unknown}
 m - 2 potions of lignification {unknown}
 n - a potion of heal wounds {unknown}
 p - 2 potions of mutation {unknown}


   Skills:
 + Level 3.5 Fighting
 - Level 2.4 Dodging
 + Level 3.9 Shields
 * Level 5.0 Unarmed Combat


You had 5 spell levels left.
You didn't know any spells.
Your spell library contained the following spells:

 Spells                   Type           Power      Damage    Failure   Level
 Sublimation of Blood     Necr           0%         N/A       86%         2
 Wereblood                Tmut           0%         N/A       86%         2
 Summon Hydra             Summ           0%         N/A       100%        7


Dungeon Overview and Level Annotations

Branches:
Dungeon (5/15)             Temple (1/1) D:4

Altars:
Cheibriados
Dithmenos
Elyvilon
Fedhas
Gozag
Hepliaklqana
Nemelex Xobeh
Okawaru
Qazlal
Sif Muna
Vehumet
Wu Jian
Xom
Yredelemnul
Zin
The Shining One


Innate Abilities, Weirdness & Mutations

You are too large for most types of armour.
You have claws for hands.
Your natural rate of healing is unusually fast.
You are covered in fur. (AC +1)
You have tough skin. (AC +1)


Message History

You barely miss the phantom.
The phantom hits you but does no damage.
You miss the phantom. The phantom closely misses you.
You closely miss the phantom. You block the phantom's attack.
You closely miss the phantom. The phantom hits you.
The phantom blinks!
You blink.
Found 6 gold pieces.
You closely miss the white imp. The white imp gestures at you.
The puff of frost misses you. You block the phantom's attack.
You claw the white imp!
The white imp is almost dead.
The phantom hits you.
The phantom blinks!
You blink.
You miss the phantom. The white imp gestures at you.
The puff of frost hits you. The phantom hits you!
The phantom blinks!
You blink.
You claw the phantom!
The phantom is moderately damaged.
The white imp gestures at you. The puff of frost hits you.
The phantom hits you but does no damage.
You closely miss the phantom.
The phantom is moderately damaged.
The phantom hits you but does no damage.
You claw the phantom!
The phantom is almost destroyed.
The phantom barely misses you. The white imp gestures at you.
The puff of frost hits you!
You claw the phantom!
You destroy the phantom!
The white imp gestures at you. The puff of frost hits you!
* * * LOW HITPOINT WARNING * * *
Your Unarmed Combat skill increases to level 5!
You have reached level 6!
You feel stronger. The white imp gestures at you. The puff of frost hits you!
You die...

.#.##..#..#.###..####
....................#
...##.....#.###...###
.$................#
.#..#....5........##
~..................#
~~#..#.......###...#
≈≈~..#.......###...#
≈≈~.......@........#
~~~................#
...................#
.......<...........#
<.............###..#
.##.....#.(...###..#
#.............#..#
#.....#.....#.#..#
#...[...........


You could see a white imp.

Vanquished Creatures
  A phantom (D:5)
  2 iguanas
  Terence (D:3)
  2 adders
  7 gnolls
  3 river rats (D:4)
  A dart slug (D:2)
  6 endoplasms
  3 giant cockroaches
  7 goblins
  7 hobgoblins
  4 jackals (D:1)
  6 kobolds
  A quokka (D:1)
  7 ball pythons
  3 bats
  A frilled lizard (D:3)
  10 rats
72 creatures vanquished.

Notes
Turn   | Place    | Note
-------+----------+-------------------------------------------
     0 | D:1      | adizb the Troll Fighter began the quest for the Orb.
     0 | D:1      | Reached XP level 1. HP: 22/22 MP: 0/0
    98 | D:1      | Reached XP level 2. HP: 29/29 MP: 1/1
   597 | D:2      | Reached skill level 3 in Unarmed Combat
   597 | D:2      | Reached XP level 3. HP: 31/36 MP: 2/2
   880 | D:2      | Reached XP level 4. HP: 44/44 MP: 3/3
  1319 | D:3      | Noticed Terence
  1331 | D:3      | Killed Terence
  1438 | D:3      | Reached skill level 4 in Unarmed Combat
  1442 | D:3      | Reached XP level 5. HP: 49/53 MP: 4/4
  1590 | D:3      | Found a white marble altar of Elyvilon.
  1590 | D:3      | Found a glowing silver altar of Zin.
  1590 | D:3      | Found a glowing golden altar of the Shining One.
  1798 | D:4      | Found a staircase to the Ecumenical Temple.
  1806 | Temple   | Entered the Ecumenical Temple
  2404 | Temple   | Became a worshipper of Hepliaklqana the Forgotten
  2741 | D:4      | Found a stormy altar of Qazlal.
  3019 | D:5      | Entered Level 5 of the Dungeon
  3055 | D:5      | Noticed a phantom
  3074 | D:5      | Killed a phantom
  3075 | D:5      | Reached skill level 5 in Unarmed Combat
  3075 | D:5      | Reached XP level 6. HP: 11/61 MP: 5/5
  3075 | D:5      | Killed from afar by a white imp

Illustrated notes

Levels and vault maps discovered:
D:1:      minmay_arrival_three_doors, layout_basic
D:2:      layout_basic
D:3:      layout_rooms, dreamdust_divine_triumvirate, uniq_terence
D:4:      layout_basic, lemuel_coloured_pillars_altar, temple_fountains,
          portal_sewer_entry_e
D:5:      wander_river, layout_basic, nicolae_ashenzari_panopticon,
          nicolae_sextant
Temple:   minmay_temple_forest_path

Skill      XL: |  1  2  3  4  5 |
---------------+----------------+-----
Shields        | 3 |  3.9
Unarmed Combat | 3 4 5 |  5.0
Fighting       | 3 |  3.5
Dodging        | |  2.4

Action                     |  1- 3 |  4- 6 || total
---------------------------+-------+-------++-------
  Melee: Unarmed           |   106 |   106 ||   212
   Stab: Sleeping          |     1 |       ||     1
 Armour: Robe              |    48 |    20 ||    68
  Dodge: Dodged            |    37 |    27 ||    64
  Block: Kite shield       |    17 |    25 ||    42
